 Dungeon Crawl Stone Soup version 0.21-a0-122-g43b3ea6 (webtiles) character file.

58 grindst0ne the Charmwright (level 4, -6/30 HPs)
             Began as a Halfling Skald on July 13, 2017.
             Mangled by an iguana (10 damage)
             ... on level 3 of the Dungeon.
             The game lasted 00:04:15 (1861 turns).

grindst0ne the Charmwright (Halfling Skald)         Turns: 1861, Time: 00:04:16

Health: -6/30      AC:  5    Str: 13    XL:     4   Next: 21%
Magic:  6/6        EV: 19    Int: 11    God:
Gold:   114        SH:  0    Dex: 18    Spells: 2/6 levels left

rFire    . . .     SeeInvis .   h - +3 short sword
rCold    . . .     Gourm    .   (shield restricted)
rNeg     . . .     Faith    .   b - +0 leather armour
rPois    .         Spirit   .   e - +2 hat
rElec    .         Reflect  .   (no cloak)
rCorr    .         Harm     .   (no gloves)
MR       .....                  (no boots)
Stlth    ++........             (no amulet)
HPRegen  0.10/turn              (no ring)
MPRegen  0.10/turn              (no ring)

@: agile
A: mutation resistance 1
a: no special abilities


You were on level 3 of the Dungeon.
You were not hungry.

You visited 1 branch of the dungeon, and saw 3 of its levels.

You collected 114 gold pieces.

Inventory:

Hand Weapons
 a - a +0 hand axe
 h - a +3 short sword (weapon)
Armour
 b - a +0 leather armour (worn)
 e - a +2 hat (worn)
Scrolls
 f - a scroll of teleportation
 j - a scroll of fear {unknown}
 k - a scroll of enchant armour {unknown}
 m - a scroll of blinking {unknown}
 n - a scroll of identify {unknown}
Books
 c - a book of Battle

   Spells                             Type                      Level
   a - Infusion                       Charms                       1
   b - Shroud of Golubria             Charms/Translocation         2
   c - Song of Slaying                Charms                       2
   d - Spectral Weapon                Hexes/Charms                 3
   e - Regeneration                   Charms/Necromancy            3
Comestibles
 d - 2 bread rations


   Skills:
 + Level 2.6 Fighting
 + Level 1.6 Short Blades
 - Level 2.2 Axes
 - Level 1.1 Armour
 - Level 2.1 Dodging
 - Level 1.5 Spellcasting
 + Level 4.1 Charms


You had 2 spell levels left.
You knew the following spells:

 Your Spells              Type           Power        Failure   Level  Hunger
a - Infusion              Chrm           #...         7%          1    ##.....
b - Spectral Weapon       Hex/Chrm       #.......     45%         3    ####...


Dungeon Overview and Level Annotations

Branches:
Dungeon (3/15)

Altars:


Innate Abilities, Weirdness & Mutations

You are small and have problems with some larger weapons.
You are somewhat resistant to further mutation.


Message History

You see here a short sword.
Okay, then.
Some of the chunks of flesh in your inventory have rotted away.
It was a potion of agility.
You feel agile all of a sudden. The iguana bites you!
* * * LOW HITPOINT WARNING * * *
Your magical contamination has completely faded away.
The iguana hisses menacingly.
All of the chunks of flesh in your inventory have rotted away.
There is an open door here.
The iguana hisses menacingly.
The iguana completely misses you.
There is an open door here.
The iguana bites you.
* * * LOW HITPOINT WARNING * * *
You barely miss the iguana.
The iguana is heavily wounded.
The iguana bites you!
You die...

##### #...# #.#.# #####
####.#.#### ....# ###
###....#....# ###.#
##.######...#######.#
....#
##...#.(........#....#
###.#
#......###@#.##.#.#### #
#.####...#.###l#.##.#.#
###..............#.##...#
....#####.##.......###.##
##>.# #.##########...#
##..# ##'## #.### ....#
##...## #(#
##.####.....## ##.#
##.###..)....## ##..#


You could see an iguana.

Vanquished Creatures
  A worm (D:2)
  2 leopard geckos
  4 giant cockroaches (D:2)
  9 goblins
  8 hobgoblins
  8 kobolds
  A quokka (D:1)
  A ball python (D:1)
  4 bats
  5 frilled lizards
  6 rats
49 creatures vanquished.

Notes
Turn   | Place    | Note
-------+----------+-------------------------------------------
     0 | D:1      | grindst0ne the Halfling Skald began the quest for the Orb.
     0 | D:1      | Reached XP level 1. HP: 14/14 MP: 3/3
   193 | D:1      | Reached XP level 2. HP: 19/19 MP: 4/4
   485 | D:1      | Reached XP level 3. HP: 13/24 MP: 5/5
   699 | D:1      | Reached skill level 1 in Short Blades
  1098 | D:2      | Learned a level 3 spell: Spectral Weapon
  1139 | D:1      | Reached skill level 4 in Charms
  1448 | D:2      | Reached XP level 4. HP: 30/30 MP: 2/6
  1861 | D:3      | Mangled by an iguana

Vault maps used:
D:1:      scummos_arrival_simple_fountains
D:2:      first_bread, kennysheep_pointless_box

Skill      XL: |  1  2  3 |
---------------+----------+-----
Fighting       | 2 |  2.6
Short Blades   | 1 |  1.6
Charms         | 4 |  4.1
Axes           | |  2.2
Armour         | |  1.1
Dodging        | |  2.1
Spellcasting   | |  1.5

Action                   |  1- 3 |  4- 6 || total
-------------------------+-------+-------++-------
Melee: Hand axe          |    16 |       ||    16
       Short sword       |    85 |    33 ||   118
 Cast: Infusion          |     1 |     1 ||     2
  Use: Scroll            |     2 |       ||     2
       Potion            |       |     1 ||     1
 Stab: Sleeping          |     3 |       ||     3
  Eat: Chunk             |     2 |     1 ||     3
Armor: Leather armour    |    29 |     5 ||    34
Dodge: Dodged            |    75 |    25 ||   100
